 Dungeon Crawl Stone Soup version 0.24-a0-769-g368c164 (webtiles) character file.

Game seed: 90349809545364938, levelgen mode: deterministic

2358 2tousent the Ruffian (level 9, -31/64 HPs)
             Began as a Purple Draconian Transmuter on Oct 3, 2019.
             Was a Priest of Wu Jian.
             Annihilated by a tentacled starspawn (35 damage)
             ... on level 1 of the Abyss.
             The game lasted 00:32:43 (6100 turns).

2tousent the Ruffian (Purple Draconian Transmuter)  Turns: 6100, Time: 00:32:43

Health: -31/64     AC:  2    Str: 15      XL:     9   Next: 20%
Magic:  15/17      EV: 19    Int: 15      God:    Wu Jian [***...]
Gold:   410        SH:  0    Dex: 14 (16) Spells: 6/19 levels left

rFire    . . .     SeeInvis .     - Unarmed
rCold    . . .     Gourm    .   (shield currently unavailable)
rNeg     . . .     Faith    .   (armour unavailable)
rPois    x         Spirit   .   (helmet currently unavailable)
rElec    .         Reflect  .   (cloak currently unavailable)
rCorr    .         Harm     .   (gloves currently unavailable)
MR       +....                  (boots currently unavailable)
Stlth    +.........             (no amulet)
HPRegen  0.20/turn              (no ring)
MPRegen  0.15/turn              (no ring)

@: about to teleport, spider-form, hasted, very quick
A: tiny, (breathe power), unfitting armour, AC +7
a: End Transformation, Wall Jump, Serpent's Lash, Renounce Religion


You were on level 1 of the Abyss.
You worshipped Wu Jian.
Wu Jian was most pleased with you.
You were very hungry.
You were a venomous arachnid creature.
You visited 1 branch of the dungeon, and saw 7 of its levels.
You visited the Abyss 1 time.
You also visited: Ossuary.

You collected 410 gold pieces.

Inventory:

Missiles
 a - 99 arrows
 m - 5 javelins (quivered)
 D - 8 silver javelins
Armour
 h - a +0 cloak (melded)
 A - a +0 pair of boots
 F - a cursed +0 pair of gloves
Jewellery
 q - an uncursed ring of ice {unknown}
 y - an uncursed ring of fire {unknown}
 z - an uncursed ring of poison resistance {unknown}
 C - an uncursed ring of protection from fire {unknown}
Wands
 o - a wand of polymorph (6)
 x - a wand of clouds (7)
 E - a wand of paralysis (6)
 K - a wand of random effects (22)
 P - a wand of flame (21)
Scrolls
 b - a scroll of fog {unknown}
 f - a scroll of fear {unknown}
 k - 11 scrolls of identify {unknown}
 l - 4 scrolls of enchant weapon {unknown}
 s - 3 scrolls of enchant armour {unknown}
 u - 2 scrolls of immolation {unknown}
 v - 2 scrolls of amnesia {unknown}
 B - a scroll of remove curse {unknown}
 G - a scroll of random uselessness {unknown}
 H - a scroll of magic mapping {unknown}
 I - 2 scrolls of blinking {unknown}
 J - a scroll of summoning {unknown}
 O - 2 scrolls of silence {unknown}
Potions
 e - 2 potions of lignification {unknown}
 g - 5 potions of curing {unknown}
 n - 3 potions of flight {unknown}
 p - 2 potions of cancellation {unknown}
 r - a potion of berserk rage {unknown}
 t - a potion of agility {unknown}
 w - 2 potions of mutation {unknown}
 L - a potion of degeneration {unknown}
 M - 2 potions of invisibility {unknown}
 N - a potion of might {unknown}
Comestibles
 c - 8 rations


   Skills:
 - Level 1.1 Fighting
 - Level 1.7 Dodging
 * Level 7.4 Unarmed Combat
 + Level 5.7 Spellcasting
 * Level 7.1 Transmutations
 - Level 4.0 Ice Magic
 - Level 4.0 Poison Magic


You had 6 spell levels left.
You knew the following spells:

 Your Spells              Type           Power        Failure   Level  Hunger
a - Beastly Appendage     Tmut           ####..       4%          1    None
b - Spider Form           Tmut/Pois      ###.......   14%         3    ###....
c - Ice Form              Ice/Tmut       ###.....     34%         4    ####...
d - Blade Hands           Tmut           ####......   43%         5    ######.

Your spell library contained the following spells:

 Spells                   Type           Power        Failure   Level  Hunger
 Sticks to Snakes         Tmut           ####....     6%          2    #......


Dungeon Overview and Level Annotations

Branches:
Dungeon (7/15)             Temple (0/1) D:6         Ossuary (visited)

Altars:
Fedhas
Nemelex Xobeh
Okawaru
Sif Muna
Vehumet
Wu Jian
Xom

Shops:
D:6 (

Annotations:
D:4 3 runed translucent doors, bakahatsu's ghost, novice SpVM
D:7 Dowan


Innate Abilities, Weirdness & Mutations

((You can breathe bolts of dispelling energy.))
((Your rich purple scales are hard. (AC +7)))
You cannot fit into any form of body armour.
((You are cold-blooded and may be slowed by cold attacks.))


Message History

You hit the tentacled starspawn.
The tentacled starspawn is lightly damaged.
The tentacled starspawn closely misses you.
The tentacled starspawn engulfs you!!
* * * LOW HITPOINT WARNING * * *
You feel much better.
The tentacled starspawn closely misses you.
The tentacled starspawn engulfs you!
* * * LOW HITPOINT WARNING * * *
You feel much better. The tentacled starspawn bites you!!
The tentacled starspawn engulfs you.
* * * LOW HITPOINT WARNING * * *
You bite the tentacled starspawn!
The tentacled starspawn is lightly damaged.
The tentacled starspawn closely misses you.
The tentacled starspawn engulfs you!
* * * LOW HITPOINT WARNING * * *
You feel yourself speed up. The tentacled starspawn bites you!!
Ouch! That really hurt!
You die...

## . ─. ..≈
## ≈###.. #.
..
#...#≈#.≈≈≈
.≈≈. ....
.#.. #.#
...≈. .. #.
.#. .#.#..
.#L.##.## ≈.
#. .. .
.X#.#.°...#
... # ... .
#....*...#.
≈# # #.
###.#..#...
..≈≈≈ .
####w#.!#...
. ##sXw# # .
# ###### #
##.L#.# §
###.. ##


You could see a tentacled starspawn and 2 starspawn tentacles.

Vanquished Creatures
  5 yaks (D:7)
  Menkaure (D:7)
  Duvessa (D:7)
  2 ice beasts (D:6)
  2 ogres
  2 centaurs
  2 bullfrogs
  A water moccasin zombie (D:5)
  A scorpion (D:5)
  2 crimson imps
  2 quasits (Abyss:1)
  A bullfrog skeleton (D:7)
  3 iguanas
  An orc wizard (D:4)
  3 worker ants
  2 big kobold zombies (Ossuary)
  4 mummies (Ossuary)
  Robin (D:3)
  4 adders
  5 gnolls
  A shadow imp (D:6)
  2 oozes
  2 adder zombies (Ossuary)
  An adder skeleton (D:5)
  4 worms
  2 dart slugs
  5 leopard geckos
  7 orcs
  5 giant cockroaches
  A gnoll zombie (Ossuary)
  14 goblins
  17 hobgoblins
  11 jackals
  3 quokkas
  3 ball pythons
  6 bats
  2 frilled lizards
  A giant cockroach zombie (D:6)
  A goblin zombie (Ossuary)
  4 kobolds
  A kobold zombie (Ossuary)
  2 orc zombies (Ossuary)
  6 rats
  3 rat zombies (Ossuary)
149 creatures vanquished.

Vanquished Creatures (others)
  5 starspawn tentacles (Abyss:1)
5 creatures vanquished.

Grand Total: 154 creatures vanquished

Notes
Turn   | Place    | Note
-------+----------+-------------------------------------------
     0 | D:1      | 2tousent the Draconian Transmuter began the quest for the
                  | Orb.
     0 | D:1      | Reached XP level 1. HP: 16/16 MP: 3/3
   157 | D:1      | Reached XP level 2. HP: 23/23 MP: 5/5
   654 | D:2      | Reached XP level 3. HP: 28/28 MP: 4/6
   663 | D:2      | Learned a level 3 spell: Spider Form
  1104 | D:2      | Reached XP level 4. HP: 35/35 MP: 3/7
  1474 | D:3      | Learned a level 4 spell: Ice Form
  1488 | D:3      | Found a faded altar of an unknown god.
  1495 | D:3      | Noticed Robin
  1518 | D:3      | Killed Robin
  1528 | D:3      | Became a worshipper of the Wu Jian Council
  1528 | D:3      | Reached * piety under Wu Jian
  1793 | D:4      | Reached skill level 1 in Poison Magic
  1841 | D:4      | Noticed an ogre
  1843 | D:4      | Reached XP level 5. HP: 40/40 MP: 2/9
  1883 | D:4      | Killed an ogre
  1883 | D:4      | Reached skill level 1 in Ice Magic
  2010 | D:4      | Found a blossoming altar of Fedhas.
  2014 | D:4      | Found an iron altar of Okawaru.
  2069 | D:4      | Found a shimmering altar of Xom.
  2207 | D:4      | Reached XP level 6. HP: 41/47 MP: 7/10
  2253 | D:4      | Found a shimmering blue altar of Sif Muna.
  2256 | D:4      | Found a radiant altar of Vehumet.
  2259 | D:4      | Found a sparkling altar of Nemelex Xobeh.
  2459 | D:4      | Found a runed translucent gate.
  2460 | D:4      | Found a runed translucent gate.
  2461 | D:4      | Found a runed translucent gate.
  2464 | D:4      | Noticed bakahatsu's ghost (novice SpVM)
  2534 | D:5      | Entered Level 5 of the Dungeon
  2627 | D:5      | Reached ** piety under Wu Jian
  2687 | D:5      | Reached skill level 5 in Unarmed Combat
  2687 | D:5      | Your scales start taking on a rich purple colour.
  2687 | D:5      | Reached XP level 7. HP: 27/52 MP: 8/12
  3496 | D:6      | Found Ukham's Weapon Boutique.
  3523 | D:6      | Reached skill level 5 in Transmutations
  4484 | D:6      | Reached XP level 8. HP: 59/59 MP: 7/14
  4557 | D:6      | Found a staircase to the Ecumenical Temple.
  4841 | D:7      | Noticed Menkaure
  4926 | D:7      | Reached skill level 5 in Spellcasting
  4972 | D:7      | Found a sand-covered staircase.
  4977 | Ossuary  | Entered an ossuary
  5005 | Ossuary  | Reached *** piety under Wu Jian
  5516 | D:7      | Killed Menkaure
  5516 | D:7      | Reached XP level 9. HP: 61/64 MP: 14/17
  5530 | D:7      | Learned a level 5 spell: Blade Hands
  5552 | D:7      | Noticed Dowan
  5609 | D:7      | Noticed Duvessa
  5634 | D:7      | Killed Duvessa
  5926 | D:7      | Cast into level 1 of the Abyss (orc wizard)
  5930 | Abyss:1  | Found a corrupted altar of Lugonu.
  5950 | Abyss:1  | Noticed a smoke demon
  5964 | Abyss:1  | HP: 3/64 [burnt (5)]
  6062 | Abyss:1  | Noticed a thrashing horror
  6067 | Abyss:1  | Noticed a tentacled starspawn
  6073 | Abyss:1  | Noticed a lich
  6099 | Abyss:1  | HP: 3/64 [tentacled starspawn (12)]
  6100 | Abyss:1  | Annihilated by a tentacled starspawn

Levels and vault maps discovered:
D:1:      dpeg_arrival_arbitrary_b, layout_loops_cross, minmay_crystal_water
D:2:      minmay_evil_eye, layout_rooms
D:3:      layout_rooms, chequers_ecumenical_altar_simple_redux, uniq_robin
D:4:      layout_rooms, grunt_temple_overflow_diamond,
          lemuel_coloured_pillars_altar, grunt_temple_overflow_open,
          ebering_ghost_rock_garden
D:5:      layout_loops_ring, first_ration
D:6:      layout_basic, minmay_temple_entry_wispy, serial_shops, shop
D:7:      layout_loops_ring, dancing_weapons_uskayaw, enter_ossuary_2,
          uniq_duvessa, uniq_crazy_yiuf_cottage, uniq_menkaure
Abyss:1:  evilmike_abyss_exit_plants

Skill      XL: |  1  2  3  4  5  6  7  8  9 |
---------------+----------------------------+-----
Transmutations | 3 4 5 6 7 |  7.1
Unarmed Combat | 4 5 7 |  7.4
Poison Magic   | 1 2 3 4 |  4.0
Ice Magic      | 1 2 4 |  4.0
Spellcasting   | 3 4 5 |  5.7
Fighting       | |  1.1
Dodging        | |  1.7

Action                   |  1- 3 |  4- 6 |  7- 9 || total
-------------------------+-------+-------+-------++-------
Melee: Unarmed           |   113 |   118 |   239 ||   470
       Tailslap          |     6 |     5 |     2 ||    13
       Kick              |     6 |     1 |     2 ||     9
       Headbutt          |     2 |       |       ||     2
       Punch             |     1 |     1 |     1 ||     3
Throw: Javelin           |       |     1 |       ||     1
 Cast: Beastly Appendage |     9 |     1 |     3 ||    13
       Spider Form       |     3 |    15 |    27 ||    45
Invok: Whirlwind         |       |     9 |    74 ||    83
       Lunge             |       |    12 |    37 ||    49
       Serpent's Lash    |       |       |     1 ||     1
 Abil: Breathe Dispellin |       |       |     6 ||     6
       End Transformatio |       |       |     1 ||     1
  Use: Scroll            |       |       |     3 ||     3
       Potion            |       |       |     7 ||     7
 Stab: Sleeping          |       |     1 |       ||     1
  Eat: Chunk             |     1 |     7 |     7 ||    15
       Ration            |       |       |     2 ||     2
Armor: Skin              |    30 |    12 |    19 ||    61
Dodge: Dodged            |    53 |    83 |   134 ||   270

Table legend:
 A = Non-vault XP
 B = Vault XP
 C = Vault XP percentage of total XP
 D = Non-vault monster count
 E = Vault monster count
 F = Vault count percentage of total count
                 A         B        C        D         E       F
            +---------+---------+-------+---------+---------+-------
      Total |    2859 |     510 |  15.1 |     114 |      35 |  23.5
            +---------+---------+-------+---------+---------+-------
        D:1 |      38 |       0 |   0.0 |      17 |       0 |   0.0
        D:2 |      43 |      22 |  33.8 |      20 |       6 |  23.1
        D:3 |      42 |      35 |  45.5 |      14 |      11 |  44.0
        D:4 |     312 |       0 |   0.0 |      18 |       0 |   0.0
        D:5 |     456 |       0 |   0.0 |      11 |       0 |   0.0
        D:6 |     631 |       0 |   0.0 |      18 |       0 |   0.0
        D:7 |    1244 |     307 |  19.8 |      14 |       2 |  12.5
    Abyss:1 |      93 |       0 |   0.0 |       2 |       0 |   0.0
    Ossuary |       0 |     146 | 100.0 |       0 |      16 | 100.0
            +---------+---------+-------+---------+---------+-------
